Map: Nightshade LE

Players

Kopankiewicz (Blysk) - Winner!

  • Race: Protoss Protoss
  • League: Bronze
  • Spawn Location: 11:00

Khun (Ranger)

  • Race: Protoss Protoss
  • Spawn Location: 5:00

Event: SEA Games 2019

VOD

https://youtu.be/dsKKgRfF71Y

Description

Time

  • Played on: Dec. 6, 2019, 1:48 a.m.
  • Length: 9:10

All games in this series

Show
View Real Time Build Order
Export as new Build Order

Kopankiewicz Protoss - Winner!

Build Orders: Phoenix Opening, Zealot Archon, Dark Templar Rush 

Get SALT Encoding   

  12  0:00  Probe  
  13  0:12  Probe  
  14  0:17  Pylon  
  14  0:25  Probe (Chrono Boost)  
  15  0:37  Probe (Chrono Boost), Gateway  
  16  0:42  Assimilator  
  16  0:45  Probe (Chrono Boost)  
  17  0:52  Probe  
  17  0:55  Assimilator  
  18  1:05  Probe (Chrono Boost)  
  19  1:12  Gateway  
  19  1:16  Probe (Chrono Boost)  
  20  1:21  Probe (Chrono Boost)  
  21  1:25  Cybernetics Core  
  21  1:31  Probe  
  22  1:43  Probe, Pylon  
  23  1:59  Warp Gate (Chrono Boost)  
  23  2:01  Probe  
  24  2:02  Sentry  
  24  2:06  Twilight Council  
  26  2:14  Stalker  
  26  2:15  Pylon  
  23  2:37  Phoenix  
  28  2:44  Dark Shrine  
  28  2:48  Shield Battery  
  28  2:54  Stalker  
  30  3:00  Stalker  
  32  3:12  Nexus  
  32  3:25  Pylon  
  32  3:28  Robotics Facility  
  32  3:31  Probe  
  33  3:43  Probe  
  33  3:56  Pylon  
  33  4:04  Dark Templar  
  33  4:06  Dark Templar  
  33  4:07  Probe  
  38  4:11  Warp Prism (Chrono Boost)  
  40  4:19  Probe  
  41  4:29  Pylon  
  41  4:32  Blink (Chrono Boost)  
  39  4:39  Probe x2  
  41  4:50  Assimilator  
  41  4:51  Probe (Chrono Boost)  
  43  4:57  Probe (Chrono Boost)  
  43  5:01  Probe (Chrono Boost)  
  43  5:02  Gateway  
  43  5:05  Probe (Chrono Boost)  
  43  5:06  Probe (Chrono Boost)  
  46  5:15  Probe  
  46  5:18  Probe  
  47  5:23  Gateway  
  47  5:27  Probe  
  47  5:30  Probe  
  48  5:36  Gateway  
  48  5:38  Stalker  
  48  5:39  Probe  
  48  5:42  Stalker  
  53  5:43  Probe  
  54  5:52  Probe  
  54  5:55  Probe, Gateway  
  56  6:12  Stalker x3  
  56  6:14  Pylon  
  62  6:35  Dark Templar x3  
  62  6:36  Dark Templar  
  62  6:39  Pylon  
  69  6:41  Archon x2, Pylon  
  69  6:45  Dark Templar  
  70  6:48  Pylon  
  70  6:50  Pylon  
  70  6:51  Archon  
  70  7:01  Assimilator  
  70  7:03  Stalker  
  70  7:08  Stalker x3  
  78  7:12  Zealot  
  80  7:29  Zealot  
  76  7:30  Zealot  
  76  7:36  Zealot  
  68  7:37  Zealot x2  
  68  7:38  Probe  
  68  7:39  Probe  
  68  7:41  Observer  
  67  7:44  Stalker  
  67  7:50  Probe  
  68  7:52  Stalker x2  
  62  7:59  Stalker x3  
  60  8:08  Dark Templar  
  60  8:17  Zealot  
  60  8:18  Zealot  
  62  8:25  Zealot x3  
  60  8:41  Zealot, Dark Templar x2  
  58  8:47  Archon  
  58  8:48  Zealot x3  
  60  9:00  Stalker  
Show
View Real Time Build Order
Export as new Build Order

Khun Protoss 

Build Orders: Archon Immortal 

Get SALT Encoding   

  12  0:00  Probe  
  13  0:12  Probe  
  14  0:17  Pylon  
  14  0:24  Probe  
  15  0:35  Gateway  
  15  0:36  Probe (Chrono Boost)  
  16  0:46  Probe (Chrono Boost), Assimilator  
  17  0:51  Probe (Chrono Boost)  
  17  0:54  Assimilator  
  18  1:03  Probe (Chrono Boost)  
  19  1:11  Gateway  
  19  1:12  Probe (Chrono Boost)  
  19  1:17  Probe (Chrono Boost)  
  20  1:23  Cybernetics Core  
  21  1:29  Probe  
  22  1:34  Pylon  
  22  1:41  Probe  
  23  1:53  Probe  
  24  2:02  Warp Gate, Stalker  
  24  2:03  Sentry  
  28  2:12  Pylon  
  28  2:17  Probe  
  29  2:24  Robotics Facility  
  29  2:29  Pylon  
  28  2:44  Nexus  
  28  2:49  Adept (Chrono Boost)  
  32  3:02  Adept (Chrono Boost)  
  32  3:03  Pylon  
  32  3:13  Shield Battery  
  32  3:15  Probe (Chrono Boost)  
  33  3:20  Observer  
  35  3:27  Probe (Chrono Boost)  
  35  3:29  Forge  
  35  3:33  Probe (Chrono Boost)  
  36  3:40  Pylon  
  36  3:42  Probe  
  37  3:51  Protoss Ground Weapons Level 1 (Chrono Boost)  
  37  3:54  Probe  
  38  3:57  Sentry x2  
  38  3:58  Probe  
  39  4:08  Probe, Warp Prism (Chrono Boost)  
  40  4:15  Probe  
  43  4:20  Probe  
  44  4:29  Stalker x2  
  48  4:37  Probe  
  48  4:38  Probe  
  50  4:49  Twilight Council, Observer  
  50  4:50  Probe  
  52  4:53  Pylon  
  52  5:00  Probe  
  52  5:05  Adept x2  
  52  5:06  Probe  
  58  5:12  Probe, Pylon  
  59  5:15  Assimilator  
  59  5:16  Shield Battery  
  59  5:25  Stalker x2  
  64  5:33  Immortal (Chrono Boost)  
  64  5:34  Assimilator  
  65  5:41  Charge  
  67  5:43  Probe  
  67  5:49  Photon Cannon  
  68  5:50  Probe  
  69  6:00  Probe  
  69  6:02  Probe  
  71  6:05  Pylon  
  71  6:15  Templar Archives  
  71  6:19  Probe, Gateway  
  71  6:21  Gateway  
  72  6:26  Probe  
  72  6:33  Immortal (Chrono Boost)  
  72  6:44  Gateway  
  72  6:48  Photon Cannon  
  72  6:50  Stalker  
  72  6:53  Zealot  
  76  7:02  Gateway  
  76  7:12  Immortal (Chrono Boost)  
  76  7:15  High Templar x2, Pylon  
  84  7:19  Archon  
  84  7:25  Stalker  
  84  7:29  Stalker  
  72  7:42  Stalker  
  59  7:47  Immortal (Chrono Boost)  
  59  7:48  Stalker x2  
  54  7:53  Stalker  
  54  7:58  Zealot  
  46  8:12  Zealot x2  
  45  8:16  Zealot  
  40  8:22  Zealot  
  36  8:30  Zealot  
  34  8:35  Zealot  
  26  8:48  High Templar x2  
  26  8:54  Zealot, Archon  
Tags
 
Add a new tag
Caveats
  • Supply blocks, unpowered buildings, or Contaminate may cause inaccurate times.
  • Supply counts are checked every 10 seconds.